Map: Simulacrum LE

Players

PtitDrogo - Winner!

  • Race: Protoss Protoss
  • League: Master
  • Spawn Location: 5:00

soO

  • Race: Zerg Zerg
  • League: Grandmaster
  • Spawn Location: 11:00

Event: NationWars 2019

VOD

Have the link to the VOD?

Description

Time

  • Played on: Dec. 8, 2019, 9:57 a.m.
  • Length: 9:01
Show
View Real Time Build Order
Export as new Build Order

PtitDrogo Protoss - Winner!

Build Orders: 1 Gate Expand, Zealot Archon, Archon Drop 

Get SALT Encoding   

  12  0:00  Probe  
  13  0:13  Probe  
  14  0:20  Pylon  
  14  0:25  Probe  
  15  0:31  Assimilator  
  15  0:38  Probe (Chrono Boost)  
  16  0:45  Gateway  
  16  0:48  Probe (Chrono Boost)  
  17  0:53  Probe  
  18  1:05  Probe  
  19  1:17  Probe  
  19  1:26  Nexus  
  19  1:29  Probe  
  20  1:37  Cybernetics Core  
  20  1:41  Probe  
  20  1:44  Assimilator  
  21  1:53  Probe  
  22  1:58  Pylon  
  22  2:05  Probe  
  23  2:13  Adept (Chrono Boost)  
  23  2:18  Probe  
  26  2:27  Stargate  
  26  2:30  Probe  
  26  2:36  Stalker  
  29  2:41  Probe (Chrono Boost)  
  29  2:42  Probe (Chrono Boost)  
  33  2:51  Probe (Chrono Boost)  
  33  2:52  Probe (Chrono Boost)  
  33  2:54  Twilight Council  
  33  2:56  Probe (Chrono Boost)  
  33  2:57  Probe (Chrono Boost)  
  33  2:58  Warp Gate  
  34  3:04  Robotics Facility  
  35  3:08  Probe x2 (Chrono Boost)  
  39  3:20  Probe (Chrono Boost)  
  39  3:25  Probe (Chrono Boost)  
  39  3:27  Probe (Chrono Boost), Gateway  
  39  3:28  Charge (Chrono Boost)  
  39  3:31  Probe  
  41  3:34  Probe  
  41  3:37  Assimilator  
  41  3:39  Assimilator  
  42  3:46  Pylon  
  42  3:47  Probe x2 (Chrono Boost)  
  44  3:54  Gateway  
  44  3:55  Gateway  
  44  3:57  Probe (Chrono Boost)  
  44  4:00  Probe (Chrono Boost)  
  46  4:03  Probe (Chrono Boost)  
  46  4:06  Templar Archives  
  47  4:10  Probe  
  47  4:15  Warp Prism  
  50  4:19  Probe  
  51  4:27  Gateway  
  51  4:35  Pylon, Gateway  
  51  4:37  Pylon  
  49  4:46  Zealot  
  49  4:48  Zealot  
  49  4:49  Pylon  
  49  4:52  Zealot  
  53  4:57  Gateway  
  53  4:59  Gateway  
  51  5:04  Gateway  
  51  5:05  Pylon  
  51  5:12  High Templar x4  
  59  5:15  Pylon  
  59  5:16  Archon x2  
  59  5:40  High Templar x2  
  63  5:43  Nexus  
  63  5:44  Archon  
  63  5:45  Zealot x4  
  71  5:57  Zealot x2  
  71  6:02  Zealot  
  71  6:06  Zealot x4  
  65  6:20  Zealot x4  
  69  6:26  High Templar x4  
  69  6:30  Archon x2  
  69  6:31  Zealot  
  63  6:43  Zealot x4  
  55  6:50  Zealot x4  
  55  6:53  Probe x2  
  65  6:57  High Templar  
  65  7:00  High Templar, Zealot x3  
  75  7:04  Warp Prism (Chrono Boost)  
  75  7:05  Probe  
  75  7:06  Archon  
  78  7:16  Sentry  
  78  7:17  Probe x2  
  78  7:19  Probe  
  83  7:24  High Templar  
  83  7:26  High Templar, Zealot x3  
  83  7:29  Probe  
  94  7:33  Archon  
  94  7:37  Probe x2  
  94  7:38  Pylon  
  94  7:42  Probe  
  97  7:45  Zealot  
  97  7:50  Probe  
  100  7:54  Probe  
  100  8:01  High Templar x2, Zealot x2  
  100  8:03  Pylon  
  100  8:04  Shield Battery  
  100  8:05  Archon  
  108  8:06  Shield Battery  
  108  8:07  Pylon  
  108  8:10  Pylon  
  107  8:19  Zealot  
  109  8:24  High Templar x2, Zealot x2  
  109  8:26  Zealot x2  
  121  8:28  Archon  
  121  8:33  Zealot x2  
  123  8:41  Zealot  
  115  8:45  Zealot x2  
  115  8:46  Zealot x2  
Show
View Real Time Build Order
Export as new Build Order

soO Zerg 

Build Orders: Hatch First 

Get SALT Encoding   

  12  0:01  Drone  
  13  0:12  Overlord  
  13  0:16  Drone  
  14  0:30  Drone x2  
  14  0:34  Drone  
  17  0:53  Hatchery  
  17  0:56  Drone  
  17  1:15  Drone  
  17  1:17  Spawning Pool, Extractor  
  16  1:21  Drone  
  17  1:28  Drone x2  
  19  1:39  Drone  
  20  1:50  Drone  
  21  1:56  Hatchery  
  21  2:00  Drone  
  21  2:08  Queen  
  23  2:10  Drone  
  24  2:17  Overlord  
  24  2:25  Queen  
  24  2:28  Drone  
  27  2:32  Drone  
  28  2:37  Drone  
  28  2:40  Extractor  
  28  2:41  Drone x2  
  30  2:45  Metabolic Boost  
  30  2:48  Drone  
  30  2:50  Drone  
  32  2:57  Queen  
  34  3:00  Drone  
  34  3:04  Drone  
  36  3:10  Drone  
  36  3:11  Queen  
  39  3:13  Drone  
  39  3:16  Drone  
  41  3:20  Drone  
  41  3:21  Overlord  
  42  3:28  Overlord  
  42  3:38  Spore Crawler  
  42  3:39  Drone  
  42  3:40  Drone  
  44  3:41  Drone, Queen  
  44  3:42  Drone x2  
  44  3:44  Spore Crawler  
  44  3:46  Zergling x4  
  49  3:51  Zergling x4  
  49  3:53  Drone  
  52  3:55  Overlord  
  52  3:58  Drone  
  53  4:04  Lair  
  53  4:05  Drone x3  
  53  4:08  Drone  
  53  4:09  Drone  
  58  4:14  Extractor  
  58  4:15  Zergling x4, Extractor  
  58  4:16  Drone  
  58  4:17  Drone  
  60  4:18  Drone  
  60  4:23  Drone x3  
  64  4:25  Drone  
  64  4:30  Zergling x2  
  64  4:31  Overlord  
  65  4:34  Overlord  
  65  4:36  Zergling x2  
  65  4:40  Overlord  
  65  4:45  Overlord  
  65  4:50  Zergling x8  
  65  4:52  Drone x3  
  71  4:55  Drone x5  
  71  4:56  Drone  
  75  5:04  Overseer, Hydralisk Den  
  75  5:05  Drone  
  75  5:06  Drone x2  
  77  5:08  Extractor  
  77  5:09  Extractor  
  75  5:17  Overlord  
  75  5:21  Queen  
  75  5:23  Spore Crawler  
  75  5:28  Drone  
  77  5:31  Spine Crawler  
  77  5:33  Hydralisk x6  
  88  5:41  Hydralisk x3  
  93  5:44  Zergling x4  
  95  5:53  Hydralisk  
  95  5:54  Zergling x2, Hydralisk x2  
  95  5:55  Zergling x2  
  102  5:58  Hydralisk x2  
  102  6:01  Zergling x2  
  102  6:03  Zergling x4  
  101  6:05  Zergling x2  
  101  6:07  Zergling x2  
  101  6:08  Hydralisk  
  101  6:10  Zergling x2  
  101  6:11  Zergling x2  
  94  6:13  Hydralisk  
  92  6:22  Hydralisk x2  
  92  6:24  Hydralisk x2  
  92  6:25  Zergling x2  
  88  6:27  Hydralisk  
  88  6:29  Hydralisk  
  88  6:32  Hydralisk  
  83  6:38  Hydralisk  
  83  6:40  Hydralisk  
  83  6:44  Hydralisk  
  81  6:48  Hydralisk  
  81  6:51  Zergling x4  
  77  6:56  Queen  
  77  6:58  Hydralisk  
  81  7:02  Muscular Augments, Queen x2  
  81  7:08  Zergling x10  
  90  7:12  Baneling Nest  
  89  7:18  Zergling x6  
  89  7:20  Hydralisk  
  94  7:27  Hydralisk x2  
  98  7:36  Overlord  
  98  7:37  Overlord  
  98  7:40  Overlord  
  98  7:43  Overlord  
  98  7:44  Overlord  
  98  7:47  Overlord  
  98  7:48  Overseer, Overlord  
  98  7:55  Hydralisk x3  
  98  7:56  Zergling x4  
  106  8:03  Zergling x8  
  106  8:05  Zergling x6  
  112  8:06  Baneling  
  112  8:07  Baneling x3  
  112  8:09  Baneling x2  
  112  8:11  Baneling  
  112  8:12  Baneling x3  
  113  8:15  Baneling x2  
  113  8:16  Zergling x2, Baneling x3  
  113  8:18  Zergling x2  
  113  8:20  Zergling x4  
  113  8:25  Zergling x4  
  113  8:26  Zergling x2  
  113  8:28  Zergling x2  
  113  8:31  Zergling x2  
  113  8:32  Zergling x2  
  106  8:40  Zergling x2  
Tags
 
Add a new tag
Caveats
  • Supply blocks, unpowered buildings, or Contaminate may cause inaccurate times.
  • Supply counts are checked every 10 seconds.